[Event "Presidents Day GM"]
[Site "Santa Clara USA"]
[Date "2024.02.16"]
[Round "2.2"]
[White "Atanasov, Anthony"]
[Black "Jiang, Lucas"]
[Result "1-0"]
[ECO "D02"]
[WhiteElo "2384"]
[BlackElo "2258"]
[PlyCount "53"]
[EventDate "2024.02.13"]
[EventType "tourn"]
[EventRounds "9"]
[EventCountry "USA"]
[Source "ChessMix"]
[SourceDate "2024.02.20"]
[TimeControl "5400+30"]

1. d4 d5 2. Nf3 Nf6 3. Bf4 g6 4. e3 Bg7 5. Nbd2 O-O 6. c3 c5 7. Be2 Nc6 8. dxc5 Re8 9. O-O e5 10. Bg3 a5 11. Bb5 Nd7 12. Bh4 Qc7 13. e4 Na7 14. Ba4 Qxc5 15. exd5 b5 16. Ne4 Qb6 17. Bc2 Bb7 18. Bg5 Nc8 19. Be3 Qc7 20. a4 Nd6 21. Nxd6 Qxd6 22. axb5 Nb6 23. Ng5 Qd8 24. Qf3 f6 25. Bb3 a4 26. d6+ axb3 27. Qxb7 1-0

[Event "Presidents Day GM"]
[Site "Santa Clara USA"]
[Date "2024.02.17"]
[Round "4.1"]
[White "Sathish, Pranav"]
[Black "Atanasov, Anthony"]
[Result "0-1"]
[ECO "A06"]
[WhiteElo "2357"]
[BlackElo "2384"]
[PlyCount "50"]
[EventDate "2024.02.13"]
[EventType "tourn"]
[EventRounds "9"]
[EventCountry "USA"]
[Source "ChessMix"]
[SourceDate "2024.02.20"]
[TimeControl "5400+30"]

1. Nf3 d5 2. b3 Bf5 3. Bb2 e6 4. d3 Nf6 5. Nh4 h5 6. Nxf5 exf5 7. e3 c5 8. Qf3 g6 9. Nd2 Nc6 10. Be2 Bd6 11. d4 Ne4 12. Bb5 Qa5 13. Qe2 cxd4 14. Bxc6+ bxc6 15. Bxd4 O-O 16. f3 c5 17. Bb2 Nc3 18. Qd3 Be5 19. a3 Rfe8 20. Kf1 Rab8 21. b4 c4 22. Nxc4 dxc4 23. Qxc4 Qa4 24. Bxc3 Qxc2 25. Qe2 Qxc3 0-1

[Event "Presidents Day GM"]
[Site "Santa Clara USA"]
[Date "2024.02.18"]
[Round "5.5"]
[White "Atanasov, Anthony"]
[Black "Atwell, Rose"]
[Result "1-0"]
[ECO "D02"]
[WhiteElo "2384"]
[BlackElo "2104"]
[PlyCount "55"]
[EventDate "2024.02.13"]
[EventType "tourn"]
[EventRounds "9"]
[EventCountry "USA"]
[Source "ChessMix"]
[SourceDate "2024.02.20"]
[TimeControl "5400+30"]

1. d4 d5 2. Bf4 Nf6 3. e3 e6 4. Nf3 Bd6 5. a3 Bxf4 6. exf4 O-O 7. Nbd2 b6 8. h4 c5 9. h5 h6 10. Ne5 Ba6 11. Bxa6 Nxa6 12. Qe2 Qc8 13. g4 Nh7 14. Ndf3 f6 15. Ng6 Rf7 16. g5 cxd4 17. gxh6 Nc5 18. Nxd4 Qd7 19. hxg7 Re8 20. O-O-O Ne4 21. f5 e5 22. Ne6 Rxe6 23. fxe6 Qxe6 24. h6 f5 25. f3 Qxg6 26. fxe4 Qg5+ 27. Kb1 dxe4 28. Qc4 1-0

[Event "Presidents Day GM"]
[Site "Santa Clara USA"]
[Date "2024.02.18"]
[Round "6.2"]
[White "Wang, Isaac"]
[Black "Atanasov, Anthony"]
[Result "0-1"]
[ECO "E06"]
[WhiteElo "2316"]
[BlackElo "2384"]
[PlyCount "86"]
[EventDate "2024.02.13"]
[EventType "tourn"]
[EventRounds "9"]
[EventCountry "USA"]
[Source "ChessMix"]
[SourceDate "2024.02.20"]
[TimeControl "5400+30"]

1. d4 Nf6 2. c4 e6 3. Nf3 d5 4. Nc3 Be7 5. g3 O-O 6. Bg2 dxc4 7. Ne5 Qd6 8. O-O Qa6 9. a4 Nc6 10. Nb5 Nxe5 11. dxe5 Rd8 12. exf6 Rxd1 13. Rxd1 Bd6 14. Bf4 gxf6 15. Bxd6 cxd6 16. Nc7 Qb6 17. Nxa8 Qxb2 18. Rab1 Qe5 19. Nc7 d5 20. Nb5 f5 21. e3 a6 22. Nd4 Qc7 23. Rdc1 Qa5 24. Ra1 Bd7 25. Rcb1 b6 26. h4 Kg7 27. Bf3 e5 28. Nc2 f4 29. exf4 Bf5 30. Rc1 d4 31. Nxd4 exd4 32. Rxc4 Be6 33. Rcc1 d3 34. Ra3 d2 35. Rd1 Bc4 36. Kg2 b5 37. Re3 bxa4 38. Ra1 Qb4 39. h5 h6 40. Kg1 Qb2 41. Rxa4 Qc1+ 42. Kh2 Bd5 43. Bxd5 d1=Q 0-1

[Event "Presidents Day GM"]
[Site "Santa Clara USA"]
[Date "2024.02.19"]
[Round "7.4"]
[White "Atanasov, Anthony"]
[Black "Deng, Henry"]
[Result "1-0"]
[ECO "D14"]
[WhiteElo "2384"]
[BlackElo "2281"]
[PlyCount "119"]
[EventDate "2024.02.13"]
[EventType "tourn"]
[EventRounds "9"]
[EventCountry "USA"]
[Source "ChessMix"]
[SourceDate "2024.02.20"]
[TimeControl "5400+30"]

1. d4 d5 2. Nf3 Nf6 3. a3 Bf5 4. c4 c6 5. cxd5 cxd5 6. Qb3 Qb6 7. Qxb6 axb6 8. Nc3 Nc6 9. Bf4 e6 10. e3 Be7 11. Be2 h6 12. Rc1 O-O 13. Nb5 Rac8 14. Bc7 Bd8 15. Bd6 Re8 16. Nd2 Be7 17. O-O Nd7 18. b4 Bf6 19. Bg3 Be7 20. Rfd1 Red8 21. Bc7 Re8 22. Bd6 Bf6 23. Bg3 Be7 24. Kf1 f6 25. Nc7 Red8 26. f3 Nf8 27. b5 Na5 28. Rc3 Kf7 29. Rdc1 e5 30. dxe5 Bc5 31. exf6 d4 32. Rxc5 bxc5 33. e4 d3 34. Bd1 Bd7 35. fxg7 Kxg7 36. Bh4 b6 37. a4 Ne6 38. Bxd8 Nxc7 39. Be7 Ne8 40. Kf2 Kf7 41. Bh4 c4 42. Rc3 Be6 43. f4 Kf8 44. f5 Bf7 45. g4 Rc5 46. Bd8 Nc7 47. Bf6 Nxb5 48. axb5 Rxb5 49. e5 Rb2 50. Ke3 Bd5 51. e6 Ra2 52. g5 hxg5 53. e7+ Ke8 54. Ne4 Nb7 55. Bh5+ Bf7 56. Bxf7+ Kxf7 57. Rxc4 b5 58. Rc8 Re2+ 59. Kxd3 Rxe4 60. Rf8# 1-0

[Event "Presidents Day GM"]
[Site "Santa Clara USA"]
[Date "2024.02.19"]
[Round "8.3"]
[White "Stearman, Josiah"]
[Black "Atanasov, Anthony"]
[Result "1/2-1/2"]
[ECO "C42"]
[WhiteElo "2455"]
[BlackElo "2384"]
[PlyCount "63"]
[EventDate "2024.02.13"]
[EventType "tourn"]
[EventRounds "9"]
[EventCountry "USA"]
[Source "ChessMix"]
[SourceDate "2024.02.20"]
[TimeControl "5400+30"]

1. e4 e5 2. Nf3 Nf6 3. Nxe5 d6 4. Nf3 Nxe4 5. Nc3 Nxc3 6. dxc3 Be7 7. Be3 Nd7 8. Qd2 Nf6 9. Bd3 O-O 10. O-O-O d5 11. Rhe1 Bg4 12. Bg5 Re8 13. Qf4 Qd6 14. Qa4 Ne4 15. Bxe4 Bxg5+ 16. Nxg5 Qf4+ 17. Kb1 dxe4 18. Nxe4 b5 19. Nf6+ Qxf6 20. Qxg4 Rxe1 21. Rxe1 Qxf2 22. Qe4 Rf8 23. Rd1 g6 24. a3 h5 25. h3 a5 26. Rd7 c5 27. Rd5 Rb8 28. Qe5 Rc8 29. Qg5 Kh7 30. Qd2 Qf1+ 31. Ka2 a4 32. Qd3 1/2-1/2

[Event "Presidents Day GM"]
[Site "Santa Clara USA"]
[Date "2024.02.20"]
[Round "9.3"]
[White "Atanasov, Anthony"]
[Black "Budisavljevic, Luka"]
[Result "0-1"]
[ECO "A40"]
[WhiteElo "2384"]
[BlackElo "2475"]
[PlyCount "76"]
[EventDate "2024.02.13"]
[EventType "tourn"]
[EventRounds "9"]
[EventCountry "USA"]
[Source "ChessMix"]
[SourceDate "2024.02.20"]
[TimeControl "5400+30"]

1. d4 e6 2. Bf4 c5 3. e3 Qb6 4. Nc3 Nf6 5. a3 d5 6. Nf3 Bd7 7. Rb1 Nc6 8. Nb5 Rc8 9. dxc5 Bxc5 10. b4 Be7 11. c4 dxc4 12. Bxc4 Nd8 13. Nc7+ Rxc7 14. Bxc7 Qxc7 15. Rc1 Nc6 16. O-O Qb8 17. Qe2 O-O 18. Rfd1 Rd8 19. Bb5 h6 20. Nd4 Nxd4 21. Rxd4 Be8 22. Rxd8 Qxd8 23. g3 a6 24. Bxe8 Nxe8 25. Rc3 Nd6 26. Qc2 Bf8 27. Rc7 Qf6 28. Kg2 Qe5 29. Rc5 Qf6 30. Rc7 g5 31. Qd1 Kg7 32. Rd7 Qe5 33. Qf3 Qc3 34. h4 Qc8 35. Rxd6 Bxd6 36. hxg5 hxg5 37. Qg4 Qc6+ 38. Kh2 Be7 0-1

[Event "Sunway Sitges op"]
[Site "Sitges ESP"]
[Date "2023.12.20"]
[Round "8.19"]
[White "Atanasov, Anthony"]
[Black "Petkov, Momchil"]
[Result "1/2-1/2"]
[ECO "B10"]
[WhiteElo "2381"]
[BlackElo "2496"]
[PlyCount "89"]
[EventDate "2023.12.12"]
[EventType "swiss"]
[EventRounds "10"]
[EventCountry "ESP"]
[Source "ChessMix"]
[SourceDate "2024.01.01"]
[TimeControl "90/40+30:0"]

1. e4 c6 2. Nf3 d5 3. exd5 cxd5 4. Ne5 Nc6 5. d4 e6 6. Bb5 Bd7 7. Nxd7 Qxd7 8. c3 Bd6 9. Qg4 f5 10. Qh5+ Qf7 11. Qf3 Nf6 12. Bf4 Qc7 13. Bxd6 Qxd6 14. Qg3 Qxg3 15. hxg3 Ne4 16. Nd2 Nd6 17. a4 Ke7 18. Bd3 Kf6 19. f3 h5 20. Kf2 g5 21. Rh3 Rh6 22. Rah1 Rah8 23. f4 g4 24. R3h2 Ne7 25. Ke3 Kf7 26. Be2 Ne4 27. Nf1 Nc8 28. Rh4 Ncd6 29. Bd3 Kg6 30. Bxe4 Nxe4 31. Nd2 Nxg3 32. Ra1 Rc8 33. Rc1 Rh7 34. b3 Rhc7 35. c4 dxc4 36. bxc4 Rd8 37. Re1 Rc6 38. c5 Ra6 39. Ra1 b6 40. Nc4 bxc5 41. dxc5 Rc8 42. Ne5+ Kg7 43. Rb1 Rc7 44. Rb4 Rxc5 45. Rb7+ 1/2-1/2

[Event "Sunway Sitges op"]
[Site "Sitges ESP"]
[Date "2023.12.22"]
[Round "10.36"]
[White "Atanasov, Anthony"]
[Black "Vignesh, B.."]
[Result "1-0"]
[ECO "D85"]
[WhiteElo "2381"]
[BlackElo "2179"]
[PlyCount "79"]
[EventDate "2023.12.12"]
[EventType "swiss"]
[EventRounds "10"]
[EventCountry "ESP"]
[Source "ChessMix"]
[SourceDate "2024.01.01"]
[TimeControl "90/40+30:0"]

1. d4 Nf6 2. Nf3 g6 3. c4 Bg7 4. Nc3 d5 5. cxd5 Nxd5 6. e4 Nxc3 7. bxc3 c5 8. Be3 Qa5 9. Qd2 Nc6 10. Rb1 a6 11. Rc1 f5 12. e5 cxd4 13. cxd4 Qxd2+ 14. Kxd2 Be6 15. Ng5 Bd5 16. Bc4 Rd8 17. f4 Bh6 18. Ne6 Bxe6 19. Bxe6 Bxf4 20. Rxc6 Bxe3+ 21. Kxe3 bxc6 22. Rc1 Kf8 23. Rxc6 Kg7 24. Rc7 Rb8 25. Rxe7+ Kh6 26. d5 Rb4 27. Kd3 Kg5 28. d6 Rd8 29. Bd5 h5 30. d7 Rbb8 31. Kd4 h4 32. Kc5 Kf4 33. Kd6 g5 34. e6 g4 35. Rg7 Rh8 36. e7 Ke3 37. Kc7 Kd4 38. Bg8 Rbxg8 39. Rxg8 Rxg8 40. d8=Q+ 1-0

[Event "US Masters"]
[Site "Charlotte USA"]
[Date "2023.11.24"]
[Round "4.19"]
[White "Tiglon, Bryce"]
[Black "Atanasov, Anthony"]
[Result "1/2-1/2"]
[ECO "D15"]
[WhiteElo "2468"]
[BlackElo "2406"]
[PlyCount "39"]
[EventDate "2023.11.24"]
[EventType "swiss"]
[EventRounds "9"]
[EventCountry "USA"]
[Source "ChessMix"]
[SourceDate "2023.12.01"]
[TimeControl "5400+30"]

1. d4 Nf6 2. c4 c6 3. Nc3 d5 4. Nf3 a6 5. e3 Bf5 6. Ne5 Nbd7 7. Qb3 Qc7 8. cxd5 Nxe5 9. dxe5 Nxd5 10. Bc4 e6 11. e4 Nxc3 12. exf5 Qxe5+ 13. Be3 Nd5 14. Bxd5 Qxd5 15. Qxb7 c5 16. Qxd5 exd5 17. Rc1 d4 18. Bf4 a5 19. Ke2 Kd7 20. Kd3 1/2-1/2

[Event "US Masters"]
[Site "Charlotte USA"]
[Date "2023.11.25"]
[Round "5.16"]
[White "Atanasov, Anthony"]
[Black "Dudin, Gleb"]
[Result "0-1"]
[ECO "E90"]
[WhiteElo "2406"]
[BlackElo "2537"]
[PlyCount "100"]
[EventDate "2023.11.24"]
[EventType "swiss"]
[EventRounds "9"]
[EventCountry "USA"]
[Source "ChessMix"]
[SourceDate "2023.12.01"]
[TimeControl "5400+30"]

1. d4 Nf6 2. Nf3 g6 3. c4 Bg7 4. Nc3 O-O 5. e4 d6 6. Be3 e5 7. dxe5 dxe5 8. Qc2 c6 9. Nxe5 Re8 10. Nf3 Na6 11. h3 Nxe4 12. Nxe4 Bf5 13. Nfd2 Bxe4 14. Nxe4 Qh4 15. Be2 Rxe4 16. O-O Rae8 17. Qb3 Rxe3 18. fxe3 Nc5 19. Qd1 Rxe3 20. Bg4 h5 21. Qd2 Rd3 22. Qf4 hxg4 23. Qxf7+ Kh7 24. Rf4 Rg3 25. Rxg4 Rxg4 26. hxg4 Nd3 27. Rf1 Kh6 28. Qd7 Ne5 29. g5+ Qxg5 30. Qh3+ Qh5 31. Qe3+ Kh7 32. Qxa7 Ng4 33. Rf7 Kh6 34. Rxg7 Qh2+ 35. Kf1 Qh1+ 36. Ke2 Qxg2+ 37. Kd1 Kxg7 38. Qxb7+ Kh6 39. Qb8 Ne3+ 40. Ke1 Nc2+ 41. Kd1 Ne3+ 42. Ke1 Qf1+ 43. Kd2 Nxc4+ 44. Kc3 Qc1+ 45. Kd3 Nxb2+ 46. Ke2 Qd1+ 47. Kf2 Qd4+ 48. Kf1 Nd3 49. Qh2+ Kg5 50. Qg3+ Kf6 0-1

[Event "US Masters"]
[Site "Charlotte USA"]
[Date "2023.11.26"]
[Round "7.16"]
[White "Atanasov, Anthony"]
[Black "Quesada Perez, Yasser"]
[Result "0-1"]
[ECO "D02"]
[WhiteElo "2406"]
[BlackElo "2594"]
[PlyCount "120"]
[EventDate "2023.11.24"]
[EventType "swiss"]
[EventRounds "9"]
[EventCountry "USA"]
[Source "ChessMix"]
[SourceDate "2023.12.01"]
[TimeControl "5400+30"]

1. d4 Nf6 2. Nf3 d5 3. a3 g6 4. c4 Bg7 5. cxd5 O-O 6. e3 Bf5 7. Be2 Nxd5 8. Nbd2 Nf6 9. b4 Nbd7 10. Bb2 Ne4 11. Nh4 e6 12. Nxf5 exf5 13. Nxe4 fxe4 14. Qc2 Nf6 15. O-O Re8 16. Bc4 c6 17. f3 a6 18. Rae1 Qe7 19. a4 Rf8 20. Re2 Kh8 21. Ref2 exf3 22. Rxf3 Nd5 23. Qb3 f5 24. Ba3 Qe4 25. b5 Rfe8 26. bxc6 bxc6 27. Bd3 Qe6 28. Bc4 a5 29. Qd3 Qd7 30. Kh1 Re4 31. Bc1 Rae8 32. Rh3 Bf6 33. Qa3 Be7 34. Qb2 Bg5 35. Bxd5 cxd5 36. Qb6 R4e6 37. Qxa5 Qb7 38. Rg3 h6 39. Bd2 Rb6 40. Qc3 Qa6 41. Qa1 Qd3 42. a5 Rb5 43. Rd1 Reb8 44. a6 Qe2 45. Bc3 Qxd1+ 46. Qxd1 Rb1 47. Qg1 Rxg1+ 48. Kxg1 Kh7 49. Rf3 Ra8 50. g4 fxg4 51. Rf7+ Kg8 52. Rd7 Bxe3+ 53. Kg2 Rxa6 54. Rxd5 Ra2+ 55. Kg3 h5 56. Rc5 g5 57. Rc8+ Kf7 58. Rc7+ Ke8 59. Rc8+ Kd7 60. Rf8 Bg1 0-1

[Event "Silicon Valley Fall op"]
[Site "Sunnyvale USA"]
[Date "2023.09.04"]
[Round "9.8"]
[White "Atanasov, Anthony"]
[Black "Burke, John M"]
[Result "1-0"]
[ECO "D80"]
[WhiteElo "2387"]
[BlackElo "2604"]
[PlyCount "59"]
[EventDate "2023.08.31"]
[EventType "swiss"]
[EventRounds "9"]
[EventCountry "USA"]
[Source "ChessMix"]
[SourceDate "2023.09.10"]
[TimeControl "5400+30"]

1. d4 Nf6 2. c4 g6 3. Nc3 d5 4. Bg5 Ne4 5. h4 Bg7 6. cxd5 Nxg5 7. hxg5 c5 8. dxc5 Nd7 9. e4 Qa5 10. Qf3 O-O 11. Qh3 h5 12. gxh6 Bd4 13. Qd3 Bxc5 14. Nf3 Nf6 15. Be2 Ng4 16. O-O Qb6 17. h7+ Kg7 18. Nd1 Rh8 19. Rc1 Bd6 20. Ne3 Rxh7 21. Rxc8 Rxc8 22. Nxg4 Qxb2 23. e5 Bb8 24. Qe4 Qxa2 25. g3 Qb2 26. Kg2 Rc1 27. Qf4 Rxf1 28. Bxf1 Qb3 29. d6 Qe6 30. Bc4 1-0

[Event "Charlotte Super Swiss"]
[Site "Charlotte USA"]
[Date "2023.07.09"]
[Round "1"]
[White "Padhye, Rohan"]
[Black "Atanasov, Anthony"]
[Result "1/2-1/2"]
[ECO "C43"]
[WhiteElo "2136"]
[BlackElo "2367"]
[PlyCount "86"]
[EventDate "2023.07.09"]
[EventType "swiss"]
[EventRounds "9"]
[EventCountry "USA"]
[Source "ChessMix"]
[SourceDate "2023.07.20"]
[TimeControl "5400+30"]

1. e4 e5 2. Nf3 Nf6 3. d4 Nxe4 4. Bd3 d5 5. Nxe5 Nd7 6. Nc3 Nxe5 7. dxe5 Bb4 8. O-O Nxc3 9. bxc3 Bxc3 10. Rb1 O-O 11. Bxh7+ Kxh7 12. Qd3+ Kg8 13. Qxc3 a5 14. Qg3 Ra6 15. Bg5 Qd7 16. f4 Qf5 17. Rb3 Rg6 18. Qf2 Qe4 19. h4 Rc6 20. Qg3 Rxc2 21. Bf6 Qh7 22. Qg5 Qg6 23. Rg3 gxf6 24. exf6 Rd8 25. Rff3 Kh8 26. Qe5 Rc1+ 27. Kh2 Qb1 28. Qh5+ Qh7 29. Rg5 Rc6 30. Re3 Rxf6 31. Qe2 Be6 32. Rh5 Rh6 33. Ree5 Kg8 34. Reg5+ Kf8 35. f5 Bc8 36. f6 Be6 37. Qe5 Rd6 38. Rxh6 Qxh6 39. Rh5 Qxh5 40. Qxh5 Ke8 41. Qe2 d4 42. Qb5+ Kd8 43. Qd3 Rd5 1/2-1/2

[Event "Charlotte Super Swiss"]
[Site "Charlotte USA"]
[Date "2023.07.10"]
[Round "2"]
[White "Atanasov, Anthony"]
[Black "Doknjas, Neil"]
[Result "1-0"]
[ECO "D00"]
[WhiteElo "2367"]
[BlackElo "2126"]
[PlyCount "131"]
[EventDate "2023.07.09"]
[EventType "swiss"]
[EventRounds "9"]
[EventCountry "USA"]
[Source "ChessMix"]
[SourceDate "2023.07.20"]
[TimeControl "5400+30"]

1. d4 d5 2. Bf4 c5 3. Nf3 Nc6 4. e3 cxd4 5. Nxd4 f6 6. c4 e5 7. Nxc6 bxc6 8. Bg3 d4 9. Nd2 dxe3 10. fxe3 Qb6 11. Qh5+ g6 12. Qf3 Bc5 13. Bd3 Be6 14. O-O-O O-O-O 15. e4 Be3 16. Kc2 h5 17. h3 h4 18. Bh2 Rh7 19. Nb3 Rhd7 20. Rhe1 Bc5 21. Nxc5 Qxc5 22. Bg1 Qb4 23. a3 Qa4+ 24. b3 Qxa3 25. Ra1 Qb4 26. Red1 c5 27. Qe3 Ne7 28. Qxc5+ Qxc5 29. Bxc5 Nc6 30. Kc3 f5 31. exf5 gxf5 32. Bf2 e4 33. Be2 Rg8 34. Bf1 f4 35. Bxh4 Rh7 36. Rd6 Bd7 37. Be1 Kc7 38. Rf6 f3 39. gxf3 Bxh3 40. fxe4 Bxf1 41. Rxf1 Rh3+ 42. Kb2 Rg2+ 43. Rf2 Rg4 44. Rf7+ Kb8 45. Bd2 Rh2 46. Rd1 Rxe4 47. Ka3 Rhh4 48. Bg5 Rh8 49. Rdd7 Rc8 50. b4 Rxc4 51. Rb7+ Ka8 52. b5 Nd8 53. Rxa7+ Kb8 54. Rfd7 Rg4 55. Bf6 Rg3+ 56. Kb4 Rg4+ 57. Ka5 Re4 58. Be7 Re6 59. Bh4 Re3 60. Ka6 Ra3+ 61. Kb6 Rxa7 62. Bg3+ Rac7 63. Bxc7+ Ka8 64. Rxd8 Rxd8 65. Bxd8 Kb8 66. Ka6 1-0

[Event "Charlotte Super Swiss"]
[Site "Charlotte USA"]
[Date "2023.07.11"]
[Round "4"]
[White "Atanasov, Anthony"]
[Black "Moradiabadi, Elshan"]
[Result "1/2-1/2"]
[ECO "A43"]
[WhiteElo "2367"]
[BlackElo "2522"]
[PlyCount "25"]
[EventDate "2023.07.09"]
[EventType "swiss"]
[EventRounds "9"]
[EventCountry "USA"]
[Source "ChessMix"]
[SourceDate "2023.07.20"]
[TimeControl "5400+30"]

1. d4 Nf6 2. Nf3 c5 3. d5 b5 4. e4 Nxe4 5. Bd3 Nf6 6. Bxb5 g6 7. O-O Bg7 8. d6 O-O 9. Bf4 e6 10. Nc3 Bb7 11. Be3 Na6 12. Qe2 Qc8 13. Ne5 1/2-1/2

[Event "Charlotte Super Swiss"]
[Site "Charlotte USA"]
[Date "2023.07.11"]
[Round "5"]
[White "Erenburg, Sergey"]
[Black "Atanasov, Anthony"]
[Result "1/2-1/2"]
[ECO "C42"]
[WhiteElo "2559"]
[BlackElo "2367"]
[PlyCount "110"]
[EventDate "2023.07.09"]
[EventType "swiss"]
[EventRounds "9"]
[EventCountry "USA"]
[Source "ChessMix"]
[SourceDate "2023.07.20"]
[TimeControl "5400+30"]

1. e4 e5 2. Nf3 Nf6 3. Nxe5 d6 4. Nf3 Nxe4 5. Nc3 Nxc3 6. dxc3 Be7 7. Bf4 Nd7 8. Qd2 O-O 9. O-O-O Re8 10. h4 h6 11. Bc4 Nf6 12. Rhe1 d5 13. Bxd5 Qxd5 14. Qxd5 Nxd5 15. Rxd5 Bg4 16. Rde5 Kf8 17. Bg3 Rad8 18. Nd4 Bd7 19. R5e3 Rc8 20. f3 Bf6 21. Rxe8+ Rxe8 22. Rxe8+ Kxe8 23. Bxc7 Bxh4 24. Be5 g6 25. c4 a6 26. Kd2 Bf2 27. Ne2 h5 28. Nc3 Bc6 29. Ke2 Bc5 30. a3 Ke7 31. Ne4 Bg1 32. b4 f5 33. Ng5 h4 34. Nh3 Ke6 35. Bf4 Bd4 36. Bg5 Bf6 37. Ke3 Bb2 38. Nf4+ Kf7 39. Nd3 Bf6 40. Bxf6 Kxf6 41. Nc5 g5 42. a4 b6 43. Nxa6 Bxa4 44. c3 Ke5 45. c5 bxc5 46. Nxc5 Bb5 47. Nd3+ Kd5 48. f4 Bxd3 49. Kxd3 g4 50. c4+ Kc6 51. Ke3 Kd6 52. Ke2 Kc6 53. Ke3 Kd6 54. Ke2 Kc6 55. Ke3 Kd6 1/2-1/2

[Event "Charlotte Super Swiss"]
[Site "Charlotte USA"]
[Date "2023.07.13"]
[Round "9"]
[White "Naroditsky, Daniel"]
[Black "Atanasov, Anthony"]
[Result "1-0"]
[ECO "D05"]
[WhiteElo "2619"]
[BlackElo "2367"]
[PlyCount "93"]
[EventDate "2023.07.09"]
[EventType "swiss"]
[EventRounds "9"]
[EventCountry "USA"]
[Source "ChessMix"]
[SourceDate "2023.07.20"]
[TimeControl "5400+30"]

1. Nf3 d5 2. e3 e6 3. d4 Nf6 4. Nbd2 b6 5. b3 Bb7 6. Bd3 Bd6 7. Bb2 O-O 8. O-O Qe7 9. a3 Ne4 10. c4 Nxd2 11. Nxd2 Nd7 12. b4 c5 13. cxd5 exd5 14. dxc5 bxc5 15. bxc5 Nxc5 16. Qg4 f6 17. Bf5 Bc8 18. Nf3 Bxf5 19. Qxf5 Qe4 20. Qh5 Nd3 21. Bd4 Ne5 22. Rfd1 Nxf3+ 23. gxf3 Qg6+ 24. Qxg6 hxg6 25. a4 Kf7 26. Rab1 Rfb8 27. a5 a6 28. Bb6 Ke6 29. Rb3 Rh8 30. Rbd3 Bxh2+ 31. Kg2 g5 32. Rxd5 Be5 33. Kg1 Rh3 34. Rd8 Rh8 35. R8d7 f5 36. Bd8 Rf8 37. Re7+ Kf6 38. Re8+ Kf7 39. Rxe5 Raxd8 40. Rxd8 Rxd8 41. Rxf5+ Kg6 42. Rc5 Rd6 43. Kg2 Kf6 44. Kg3 g6 45. Kg4 Rd2 46. Rc6+ Kf7 47. Kg3 1-0